AoeStats
← †oTTo†

Fortress

510196031Analyzed
4v4 RM · 3d ago on Sep 29, 2026· 41m 22s· 8 players
Game mode
Random Map
Map size
Huge
Population
200
Speed
Normal
Resources
Standard
Victory
Conquest
Starting age
Dark Age
Ending age
Imperial Age
RankedLock teamsTeams togetherTeam positionsShared explorationLock speedFull tech treeHidden civsTurbo modeCheats
Victory
Defeat
🇨🇦 Celts · Canada
962
+14
🇪🇸 Chinese · Spain
960
+15
🇮🇪 Saxons · Ireland
948
+15
🇬🇧 Spanish · United Kingdom
931
+16
🇲🇽 Bengalis · Mexico
1003
-18
🇹🇼 Japanese · Taiwan
945
-16
🇪🇸 Malians · Spain
886
-13
🇧🇷 Lithuanians · Brazil
879
-13
†oTTo†
0:38 Loom
8:11 Feudal Age
9:02 Double-Bit Axe
9:01 Horse Collar
9:16 Gold Mining
10:03 Wheelbarrow
11:55 Scale Mail Armor
11:49 Fletching
17:27 Castle Age
17:18 Stone Mining
18:50 Stone Shaft Mining
18:54 Gold Shaft Mining
18:26 Heavy Plow
18:43 Bow Saw
19:05 Squires
19:36 Elite Skirmisher
20:41 Hand Cart
24:24 Stone Shaft Mining
34:27 Imperial Age
34:41 Light Cavalry
35:31 Bloodlines
37:41 Chemistry
36:27 Arrowslits
36:37 Murder Holes
38:04 Two-Man Saw
36:51 Heavy Rocket Cart
38:45 Capped Ram
40:00 Scale Barding Armor
39:59 Padded Archer Armor
39:55 Bodkin Arrow
42:21 Chain Barding Armor
42:02 Bracer
Hofary
4:57 Loom
7:37 Feudal Age
11:48 Castle Age
9:46 Horse Collar
11:10 Double-Bit Axe
17:13 Heavy Plow
21:21 Ballistics
21:23 Gold Mining
22:11 Wheelbarrow
25:17 Loom
25:48 Hand Cart
25:18 Town Watch
25:49 Masonry
25:35 Murder Holes
25:52 Fortified Wall
30:56 Imperial Age
32:21 Conscription
33:27 Gold Shaft Mining
32:43 Stone Mining
32:55 Heavy Scorpion
34:06 Capped Ram
36:23 Siege Engineers
37:26 Chemistry
36:09 Siege Ram
37:29 Bow Saw
37:57 Stone Shaft Mining
38:56 Furor Celtica
39:39 Spies/Treason
Asturon
7:31 Feudal Age
8:19 Double-Bit Axe
8:17 Horse Collar
13:11 Castle Age
14:35 Bow Saw
14:27 Heavy Plow
15:00 Loom
15:23 Gold Mining
16:19 Wheelbarrow
17:32 Stone Mining
20:17 Hand Cart
25:19 Imperial Age
23:07 Caravan
24:13 Padded Archer Armor
24:49 Town Watch
25:35 Leather Archer Armor
25:56 Husbandry
26:07 Bloodlines
27:17 Conscription
27:22 Elite Conquistador
28:40 Ring Archer Armor
27:48 Cavalier
28:45 Scale Mail Armor
30:41 Forging
31:41 Paladin
33:52 Iron Casting
33:23 Scale Barding Armor
34:51 Two-Man Saw
35:53 Blast Furnace
38:53 Spies/Treason
Alpha Robeeert
8:00 Feudal Age
8:28 Double-Bit Axe
8:27 Horse Collar
9:33 Stone Mining
15:07 Castle Age
13:18 Scale Mail Armor
14:10 Forging
14:26 Gold Mining
16:15 Bow Saw
16:11 Heavy Plow
18:52 Wheelbarrow
18:59 Gold Shaft Mining
20:46 Hand Cart
21:33 Ballistics
21:51 Fletching
22:16 Masonry
24:48 Chain Mail Armor
26:19 Iron Casting
35:14 Imperial Age
33:19 Clerical Recruitment
35:46 Bodkin Arrow
37:10 Chemistry
36:29 Squires
36:17 Arson
37:21 Town Watch
37:21 Loom
38:11 Plate Mail Armor
37:12 Elite Hearth Troop
37:23 Shield Wall
39:06 Hoardings
38:41 Capped Ram
39:22 Sappers
40:01 Town Patrol
40:33 Crop Rotation
41:08 Two-Man Saw
40:53 Architecture
40:19 Murder Holes
41:16 Bracer
DOLAR2305
0:32 Loom
10:50 Feudal Age
12:08 Wheelbarrow
11:22 Double-Bit Axe
11:22 Horse Collar
17:12 Castle Age
16:26 Fletching
16:36 Padded Archer Armor
18:21 Hand Cart
18:22 Bow Saw
18:20 Heavy Plow
21:15 Bodkin Arrow
SIayerSnake
8:46 Feudal Age
10:13 Double-Bit Axe
13:11 Castle Age
11:48 Stone Mining
14:09 Bow Saw
13:52 Loom
15:14 Wheelbarrow
16:14 Hand Cart
19:58 Ballistics
19:34 Murder Holes
19:31 Fletching
21:04 Gold Mining
22:30 Gold Shaft Mining
25:07 Horse Collar
27:16 Heavy Plow
28:03 Paiks
28:28 Bloodlines
28:32 Scale Barding Armor
31:53 Imperial Age
Santini
10:05 Feudal Age
12:27 Double-Bit Axe
17:49 Castle Age
15:37 Horse Collar
16:14 Stone Mining
16:24 Gold Mining
16:25 Stone Mining
16:53 Forging
21:37 Scale Barding Armor
22:09 Iron Casting
25:15 Light Cavalry
26:08 Bloodlines
25:59 Husbandry
25:22 Light Cavalry
jason916802
10:07 Feudal Age
11:48 Double-Bit Axe
14:56 Castle Age
12:54 Horse Collar
13:11 Gold Mining
13:31 Stone Mining
13:09 Man-at-Arms
13:35 Arson
13:58 Scale Mail Armor
14:09 Forging
15:57 Bow Saw
15:53 Heavy Plow
24:07 Wheelbarrow
24:04 Gambesons
24:19 Squires
25:01 Fletching
25:11 Padded Archer Armor
26:24 Elite Skirmisher
29:41 Imperial Age
29:04 Long Swordsman
31:25 Two-Handed Swordsman
Connection lost

Rejoining the realm…

Still unreachable

The connection could not be restored.

Session expired

The server has moved on; the page needs a fresh start.